 Dungeon Crawl Stone Soup version 0.21.1-1-g345015fe64 (webtiles) character file.

33 Ivernyr the Ogre Mage (level 3, 31/31 HPs)
             Began as an Ogre Wizard on Apr 9, 2018.
             Quit the game on level 1 of the Dungeon.
             The game lasted 00:04:30 (1320 turns).

Ivernyr the Ogre Mage (Ogre Wizard)                 Turns: 1320, Time: 00:04:31

Health: 31/31      AC:  3    Str: 11    XL:     3   Next: 29%
Magic:  8/8        EV: 10    Int: 20    God:
Gold:   33         SH:  0    Dex:  7    Spells: 1/10 levels left

rFire    . . .     SeeInvis .   (no weapon)
rCold    . . .     Gourm    .   (no shield)
rNeg     . . .     Faith    .   a - +0 robe
rPois    .         Spirit   .   b - +0 hat
rElec    .         Reflect  .   (no cloak)
rCorr    .         Harm     .   (gloves unavailable)
MR       .....                  (boots unavailable)
Stlth    +.........             (no amulet)
HPRegen  0.10/turn              (no ring)
MPRegen  0.11/turn              (no ring)

@: no status effects
A: large, unfitting armour, tough skin 1
a: no special abilities


You were on level 1 of the Dungeon.
You were not hungry.

You visited 1 branch of the dungeon, and saw 1 of its levels.

You collected 33 gold pieces.

Inventory:

Armour
 a - a +0 robe (worn)
 b - a +0 hat (worn)
Scrolls
 e - a scroll of teleportation {unknown}
 g - a scroll of enchant armour {unknown}
 h - a scroll of immolation {unknown}
 i - a scroll of identify {unknown}
Potions
 f - a potion of magic {unknown}
Books
 c - a book of Minor Magic

   Spells                             Type                      Level
   a - Magic Dart                     Conjuration                  1
   b - Blink                          Translocation                2
   c - Call Imp                       Summoning                    2
   d - Slow                           Hexes                        2
   e - Conjure Flame                  Conjuration/Fire             3
   f - Mephitic Cloud                 Conjuration/Poison/Air       3
Comestibles
 d - a ration


   Skills:
 + Level 0.0 Fighting
 - Level 2.2 Dodging
 - Level 1.4 Stealth
 + Level 4.0 Spellcasting
 * Level 2.0 Conjurations
   Level 0.8 Summonings
 - Level 0.8 Translocations


You had one spell level left.
You knew the following spells:

 Your Spells              Type           Power        Failure   Level  Hunger
a - Magic Dart            Conj           ##..         5%          1    None
b - Blink                 Tloc           N/A          14%         2    #......
c - Conjure Flame         Conj/Fire      #.......     26%         3    ###....
d - Mephitic Cloud        Conj/Pois/Air  #.......     28%         3    ###....


Dungeon Overview and Level Annotations

Branches:
Dungeon (1/15)

Altars:


Innate Abilities, Weirdness & Mutations

You are too large for most types of armour.
You have tough skin. (AC +1)


Message History

You now have 33 gold pieces (gained 3).
A frilled lizard comes into view.
A frilled lizard is nearby!
Casting: Magic Dart
Confirm with . or Enter, or press ? or * to list all spells.
Aiming: Magic Dart
Press: ? - help, Shift-Dir - straight line, f - frilled lizard
Aim: a frilled lizard The magic dart hits the frilled lizard.
The frilled lizard is heavily wounded.
Casting: Magic Dart
Confirm with . or Enter, or press ? or * to list all spells.
Aiming: Magic Dart
Press: ? - help, Shift-Dir - straight line, f/p - frilled lizard
Aim: a frilled lizard (heavily wounded)
The magic dart hits the frilled lizard.
You kill the frilled lizard!
You start resting.
Magic restored.
Are you sure you want to abandon this character and quit the game? (Confirm with "yes".)

#.#.#....#.###.#
#.######.#...#
#..........###
########.#####
#.....# #####.#
#.# #.# #@# #.#
#.# #.# #.# #†#
#.# ..#


There were no monsters in sight!

Vanquished Creatures
  An ooze (D:1)
  A dart slug (D:1)
  3 leopard geckos (D:1)
  4 goblins (D:1)
  3 hobgoblins (D:1)
  A jackal (D:1)
  5 bats (D:1)
  2 frilled lizards (D:1)
  A kobold (D:1)
  3 rats (D:1)
24 creatures vanquished.

Notes
Turn   | Place    | Note
-------+----------+-------------------------------------------
     0 | D:1      | Ivernyr the Ogre Wizard began the quest for the Orb.
     0 | D:1      | Reached XP level 1. HP: 16/16 MP: 5/5
   101 | D:1      | Reached skill level 1 in Conjurations
   416 | D:1      | Reached XP level 2. HP: 24/24 MP: 3/6
   420 | D:1      | Learned a level 2 spell: Blink
   947 | D:1      | Reached XP level 3. HP: 20/31 MP: 0/8
  1079 | D:1      | Learned a level 3 spell: Conjure Flame
  1083 | D:1      | Learned a level 3 spell: Mephitic Cloud
  1150 | D:1      | Reached skill level 4 in Spellcasting
  1320 | D:1      | Quit the game

Skill      XL: |  1  2  3 |
---------------+----------+-----
Conjurations   | 1 2 |  2.0
Dodging        | 2 |  2.2
Spellcasting   | 4 |  4.0
Stealth        | |  1.4
Summonings     | |  0.8
Translocations | |  0.8

Action                   || total
-------------------------++-------
Melee: Unarmed           ||    37
 Cast: Magic Dart        ||    53
  Eat: Chunk             ||     1
Armor: Robe              ||    15
Dodge: Dodged            ||    32
